 Dungeon Crawl Stone Soup version 0.20.1-1-g8b1a95d (webtiles) character file.

169884 manyhoops the Brawler (level 17, -4/238 HPs)
             Began as a Grey Draconian Transmuter on July 26, 2017.
             Was the Champion of Hepliaklqana.
             Slain by an emperor scorpion (32 damage)
             ... on level 3 of the Spider Nest on July 27, 2017.
             The game lasted 02:09:42 (40736 turns).

manyhoops the Brawler (Grey Draconian Transmuter)  Turns: 40736, Time: 02:09:42

Health: -4/238     AC: 24    Str: 20    XL:     17   Next: 36%
Magic:  28/28      EV: 25    Int: 21    God:    Hepliaklqana [******]
Gold:   1665       SH:  0    Dex: 16    Spells: 2/31 levels left

rFire    . . .     SeeInvis +     - Unarmed
rCold    . . .     Gourm    .   (no shield)
rNeg     . . .     Faith    .   (armour unavailable)
rPois    +         Spirit   .   (helmet restricted)
rElec    .         Reflect  .   w - +2 cloak {+Inv}
rCorr    .         Harm     .   h - +2 pair of gloves
MR       +....     Clarity  +   Z - +2 pair of boots
Stlth    ..........             X - amulet "Pecor" {RegenMP rPois Str-2 Int+4 SInv}
Regen    0.5/turn               T - +5 ring of dexterity
MPRegen  0.4/turn               K - +5 ring of evasion

@: berserking (expiring), very quick
A: walk through water, unfitting armour, reduced essence, clarity, robust 1,
shaggy fur 1, unbreathing, cold-blooded, AC +14
a: Recall Ancestor, Ancestor Identity, Transference, Idealise, Renounce
Religion, Evoke Invisibility


You were on level 3 of the Spider Nest.
You worshipped Hepliaklqana.
Hepliaklqana was exalted by your worship.
You were not hungry.

You visited 5 branches of the dungeon, and saw 28 of its levels.

You collected 2857 gold pieces.
You spent 1192 gold pieces at shops.

Inventory:

Hand Weapons
 S - a +0 blowgun
Missiles
 a - 548 arrows
 s - a throwing net (quivered)
Armour
 h - a +2 pair of gloves (worn)
 w - a +2 cloak of invisibility (worn)
 Y - a scarf of resistance
 Z - a +2 pair of boots (worn)
Magical Staves
 G - an uncursed staff of energy
Jewellery
 l - an uncursed ring of protection from fire
 H - an uncursed ring of ice
 I - an uncursed ring of flight
 J - an uncursed ring of wizardry
 K - a +5 ring of evasion (right hand)
 T - a +5 ring of dexterity (left hand)
 V - an uncursed ring of protection from magic
 W - an uncursed ring of resist corrosion
 X - the amulet "Pecor" (around neck) {RegenMP rPois Str-2 Int+4 SInv}
   (You found it on level 6 of the Lair of Beasts)

   [amulet of magic regeneration]

   It increases your magic regeneration.
   It affects your strength (-2).
   It affects your intelligence (+4).
   It protects you from poison.
   It lets you see invisible.
Wands
 b - a wand of acid (6/15)
 c - a wand of disintegration (13/24)
 q - a wand of acid (7/15)
 v - a wand of lightning (2/15)
 D - a wand of iceblast (4/15)
 N - a wand of lightning (6/15)
 Q - a wand of random effects (31/48)
 R - a wand of scattershot (2/9)
Scrolls
 d - 6 scrolls of remove curse
 e - 9 scrolls of recharging
 m - 2 scrolls of immolation
 o - 4 scrolls of magic mapping
 r - a scroll of silence
 z - a scroll of fog
 A - 2 scrolls of enchant armour
 C - 3 scrolls of noise
 F - 3 scrolls of amnesia
 L - 5 scrolls of identify
 U - 3 scrolls of holy word
Potions
 f - 3 potions of agility
 i - 7 potions of brilliance
 k - 5 potions of haste
 p - 2 potions of ambrosia
 u - 6 potions of curing
 x - 2 potions of resistance
 E - 7 potions of might
 M - 3 potions of flight
 O - 2 potions of invisibility
 P - 2 potions of magic
Books
 n - a book of the Earth

   Spells                             Type                      Level
   a - Leda's Liquefaction            Hexes/Earth                  4
   b - Bolt of Magma                  Conjuration/Fire/Earth       5
   c - Statue Form                    Transmutation/Earth          6
   d - Iron Shot                      Conjuration/Earth            6
   e - Shatter                        Earth                        9
Comestibles
 g - 5 meat rations
 t - 2 fruits


   Skills:
 + Level 16.5 Fighting
 - Level 10.9 Dodging
 - Level 17.0 Unarmed Combat
 - Level 7.7 Spellcasting
 - Level 11.0 Transmutations
 - Level 13.1 Earth Magic
 - Level 7.8 Invocations


You had 2 spell levels left.
You knew the following spells:

 Your Spells              Type           Power        Failure   Level  Hunger
a - Beastly Appendage     Tmut           ######       1%          1    None
b - Sticks to Snakes      Tmut           ######..     1%          2    None
c - Stone Arrow           Conj/Erth      #####.       1%          3    None
d - Spider Form           Tmut/Pois      ####......   2%          3    None
e - Blade Hands           Tmut           ######....   2%          5    #####..
f - Passwall              Tmut/Erth      ######....   1%          2    None
g - Ice Form              Ice/Tmut       ####....     9%          4    ###....
h - Statue Form           Tmut/Erth      ######...    9%          6    ######.
i - Regeneration          Chrm/Necr      #.........   24%         3    None


Dungeon Overview and Level Annotations

Branches:
Dungeon (15/15)            Temple (1/1) D:7            Lair (6/6) D:11
  Swamp (0/4) Lair:2       Spider (4/4) Lair:3        Slime (0/5) Lair:5
    Orc (2/2) D:11            Elf (0/3) Orc:2        Vaults (0/5) D:13
 Depths (0/5) D:15

Altars:
Ashenzari
Cheibriados
Dithmenos
Elyvilon
Fedhas
Gozag
Hepliaklqana
Kikubaaqudgha
Makhleb
Nemelex Xobeh
Okawaru
Qazlal
Ru
Sif Muna
Trog
Uskayaw
Vehumet
Xom
Yredelemnul
Zin
The Shining One
Beogh
Jiyva

Shops:
D:5 [%(   Orc:1 [   Orc:2 !?[!

Portals:
Trove: D:13 (give 15 scrolls of teleportation)

Annotations:
Lair:1 exclusion: 2 oklob plants
Spider:1 exclusion: 2 oklob plants


Innate Abilities, Weirdness & Mutations

You can walk through water.
Your dull iron-grey scales are very hard. (AC +14)
You cannot fit into any form of body armour.
You can survive without breathing.
You are cold-blooded and may be slowed by cold attacks.
Your life essence is reduced to manifest your ancestor. (-10% HP)
You possess an exceptional clarity of mind.
You are robust. (+10% HP)
You are covered in fur. (AC +1)


Message History

Unknown command.
You hit the emperor scorpion.
The emperor scorpion is heavily wounded.
The redback bites you but does no damage.
Unknown command.
You punch the emperor scorpion!
Your tail-slap misses the emperor scorpion.
The emperor scorpion is heavily wounded.
The emperor scorpion stings you!!
* * * LOW HITPOINT WARNING * * *
The emperor scorpion claws you!
* * * LOW HITPOINT WARNING * * *
The emperor scorpion completely misses you.
The redback completely misses you.
The moth of wrath angrily waves its antennae.
The moth of wrath closely misses you.
You closely miss the emperor scorpion.
The emperor scorpion is heavily wounded.
The redback completely misses you. The emperor scorpion stings you!!
You die...

...##...#....#..#....##≈####.....
....^..#≈≈.#...##..#..##..#..#...
^.......^##^#.^.......###.....#..
^..^#^.##.....#..#.....#.#..#....
.#........(..#....#..^...^...#...
....#.#.....##........(.....^..#.
..#.#...#........#...........#...
.#.......#....#.#y<...#....#.....
....#.#...#..#..@#...)##..^...#..
..#...≈.^......[ss..#≈..}.#.....#
.....#.##.......#..(≈....^....#.#
...#/........#.....#...#...#.#..†
....##.....#.........#.#.......#.
...#...#...#.....#.......##...#..
#.......##....#.#....#....##.....
.....#.##.........##....#.###..#.
..#....####^#..#....#..#### ##...


You could see an emperor scorpion (berserk), a moth of wrath and a redback
(berserk).

Vanquished Creatures
  Kirke (Lair:4)
  3 ghost moths
  2 emperor scorpions
  4 entropy weavers
  2 spark wasps
  Josephine (D:12)
  Fannar (D:12)
  4 hydras
  Erolcha (D:10)
  3 ice dragons
  7 vault guards (D:13)
  A catoblepas (D:14)
  4 centaur warriors
  13 two-headed ogres
  2 ogre magi (Orc:2)
  4 death yaks
  An unseen horror (D:11)
  An orc knight (Orc:1)
  2 deep trolls
  20 orb spiders
  7 ugly things
  39 wolf spiders
  6 cyclopes
  2 orc sorcerers
  A salamander (shapeshifter) (D:15)
  2 deep elf magi (D:14)
  3 manticores
  2 elephants (Lair:5)
  2 moths of wrath (Spider:3)
  4 black mambas
  2 centaur skeletons (D:15)
  4 ice statues (D:13)
  3 torpor snails (Spider:1)
  10 spiny frogs
  4 gargoyles
  5 komodo dragons
  A rime drake (Lair:6)
  A freezing wraith (D:15)
  An efreet (D:15)
  3 yaktaurs (D:14)
  9 demonic crawlers
  30 jumping spiders
  14 trolls
  6 polar bears (Lair:6)
  A harpy skeleton (D:15)
  13 hornets
  12 hippogriffs
  8 blink frogs
  93 redbacks
  Sigmund (D:3)
  22 yaks
  A shadow (D:12)
  14 spriggans
  32 tarantellas
  5 wraiths
  2 wyverns
  2 basilisks
  A hungry ghost (D:7)
  4 vampire mosquitoes (Lair:2)
  3 wargs
  13 water moccasins
  6 porcupines
  A black bear (shapeshifter) (D:13)
  An eye of draining (D:13)
  13 ice beasts
  21 ogres
  16 orc warriors
  4 sky beasts
  3 black bears
  A phantom (D:4)
  19 wolves
  18 centaurs
  2 boggarts (Lair:6)
  20 crocodiles
  20 bullfrogs
  A wyvern skeleton (D:7)
  3 scorpions
  4 killer bees (D:5)
  6 wights
  3 electric eels
  5 howler monkeys
  8 crimson imps
  3 centaur zombies
  7 hounds
  6 jellies
  14 orc wizards
  5 orc priests
  5 bullfrog skeletons
  5 iguanas
  5 worker ants
  A howler monkey zombie (D:9)
  Robin (D:3)
  2 worker ant zombies
  15 adders
  4 shadow imps
  2 oozes
  5 worms
  A dart slug (D:5)
  5 leopard geckos
  64 orcs
  A ball python (D:4)
  7 bats
  7 giant cockroaches
  13 goblins
  11 hobgoblins
  15 jackals
  6 quokkas
  4 frilled lizards
  5 kobolds
  A quokka skeleton (D:4)
  8 rats
  A plant (Lair:5)
869 creatures vanquished.

Vanquished Creatures (collateral kills)
  2 spark wasps (Spider:3)
  A hydra (Lair:6)
  A vault guard (D:13)
  3 catoblepae
  A two-headed ogre (D:13)
  A death yak (Lair:6)
  A lindwurm (Orc:2)
  3 orb spiders
  3 ugly things
  2 wolf spiders
  2 cyclopes
  An elephant (Lair:5)
  A gargoyle (D:11)
  Maurice (D:9)
  6 spiny frogs
  2 yaktaurs (D:14)
  A komodo dragon (Lair:6)
  A redback zombie (D:15)
  A troll (D:12)
  A demonic crawler (Spider:2)
  3 polar bears (Lair:6)
  2 jumping spiders
  3 hornets
  4 blink frogs (Lair:6)
  2 hippogriffs
  5 tarantellas
  2 wraiths (D:15)
  7 redbacks
  A wyvern (D:12)
  2 spriggans
  3 yaks
  An acid dragon (D:13)
  3 ice beasts (D:13)
  A black bear (D:11)
  4 ogres
  6 orc warriors
  A phantom (D:8)
  2 necrophages
  5 wolves (Lair:6)
  A boggart (Lair:6)
  2 centaurs
  A crocodile (Lair:5)
  A bullfrog (Lair:5)
  A scorpion (D:8)
  A wight (D:7)
  2 howler monkeys
  An orc priest (Orc:1)
  Crazy Yiuf (D:3)
  A hound (D:8)
  A jelly (D:13)
  3 orc wizards
  A howler monkey skeleton (D:7)
  2 adders
  3 orcs
  2 rats (D:3)
  A fungus (Lair:6)
  A plant (Lair:1)
118 creatures vanquished.

Vanquished Creatures (others)
  A jumping spider (Spider:4)
  A redback (Spider:2)
  A human (Lair:6)
  25 hexers
  2 ancestors (D:8)
  23 fungi
  23 plants
76 creatures vanquished.

Grand Total: 1063 creatures vanquished

Notes
Turn   | Place    | Note
-------+----------+-------------------------------------------
     0 | D:1      | manyhoops the Draconian Transmuter began the quest for the Orb.
     0 | D:1      | Reached XP level 1. HP: 16/16 MP: 3/3
   165 | D:1      | Reached XP level 2. HP: 17/23 MP: 5/5
   175 | D:1      | Learned a level 2 spell: Sticks to Snakes
   441 | D:1      | Reached skill level 4 in Unarmed Combat
   872 | D:1      | Reached XP level 3. HP: 21/28 MP: 6/6
  1700 | D:2      | Reached XP level 4. HP: 35/35 MP: 7/7
  1774 | D:2      | Reached skill level 5 in Unarmed Combat
  1983 | D:2      | Learned a level 1 spell: Confusing Touch
  2113 | D:3      | Noticed an ogre
  2208 | D:3      | Killed an ogre
  2208 | D:3      | Reached skill level 6 in Unarmed Combat
  2208 | D:3      | Reached XP level 5. HP: 27/40 MP: 8/8
  2470 | D:3      | Noticed Sigmund
  2561 | D:3      | Found a runed door.
  2626 | D:3      | Noticed Crazy Yiuf
  2626 | D:3      | Noticed Robin
  3250 | D:3      | Killed Sigmund
  3250 | D:3      | Reached XP level 6. HP: 47/47 MP: 7/9
  3544 | D:3      | Learned a level 3 spell: Spider Form
  3673 | D:3      | Killed Crazy Yiuf
  3758 | D:3      | Killed Robin
  4355 | D:4      | Your scales start taking on a dull iron-grey colour.
  4355 | D:4      | Reached XP level 7. HP: 42/57 MP: 5/10
  4355 | D:4      | Gained mutation: You can survive without breathing. [Grey Draconian growth]
  5057 | D:5      | Entered Level 5 of the Dungeon
  5083 | D:5      | Noticed a hippogriff
  5084 | D:5      | Found a glowing golden altar of the Shining One.
  5094 | D:5      | Killed a hippogriff
  5139 | D:5      | Found Jekybuumn's Armour Shoppe.
  5436 | D:5      | Found Zial's Antique Weapon Boutique.
  5519 | D:5      | Reached skill level 5 in Fighting
  5741 | D:5      | Reached XP level 8. HP: 62/68 MP: 9/11
  5802 | D:5      | Reached skill level 5 in Transmutations
  6014 | D:5      | Found Oggoudif's Food Shop.
  6126 | D:5      | Bought a +2 cloak of invisibility for 279 gold pieces
  6139 | D:5      | Gained mutation: You are resistant to electric shocks. (rElec) [potion of mutation]
  6139 | D:5      | Gained mutation: Your system is resistant to poisons. (rPois) [potion of mutation]
  7265 | D:7      | Reached XP level 9. HP: 62/74 MP: 6/12
  7329 | D:7      | Learned a level 5 spell: Blade Hands
  7428 | D:7      | Found a staircase to the Ecumenical Temple.
  7442 | Temple   | Entered the Ecumenical Temple
  7741 | Temple   | Became a worshipper of Hepliaklqana the Forgotten
  7902 | D:7      | Found a sacrificial altar of Ru.
  7902 | D:7      | Found a shimmering altar of Xom.
  8168 | D:7      | Found a white marble altar of Elyvilon.
  8285 | D:8      | Reached skill level 10 in Transmutations
  8339 | D:8      | Noticed a two-headed ogre
  8547 | D:8      | Reached skill level 7 in Unarmed Combat
  8655 | D:8      | Killed a two-headed ogre
  8655 | D:8      | Reached skill level 8 in Unarmed Combat
  8865 | D:8      | Found a shattered altar of Ashenzari.
  8883 | D:8      | Reached skill level 9 in Unarmed Combat
  8940 | D:8      | Reached XP level 10. HP: 68/72 MP: 13/13
  9144 | D:8      | Reached * piety under Hepliaklqana
  9361 | D:9      | Paralysed by a hornet for 3 turns
  9376 | D:9      | Paralysed by a hornet for 1 turns
  9670 | D:9      | Reached skill level 10 in Unarmed Combat
  9806 | D:9      | Noticed Maurice
  9928 | D:9      | Killed Maurice
  9965 | D:9      | Noticed a green ugly thing
  9979 | D:9      | Killed a green ugly thing
 10655 | D:10     | Entered Level 10 of the Dungeon
 10665 | D:10     | Reached ** piety under Hepliaklqana
 10666 | D:10     | Remembered your ancestor Gnaeus as a hexer
 10752 | D:10     | Reached skill level 11 in Unarmed Combat
 10962 | D:10     | Noticed Erolcha
 10976 | D:10     | Killed Erolcha
 11094 | D:10     | Reached skill level 12 in Unarmed Combat
 11792 | D:11     | Noticed a gargoyle
 11803 | D:11     | Killed a gargoyle
 11851 | D:11     | Reached *** piety under Hepliaklqana
 11877 | D:11     | Reached XP level 11. HP: 64/80 MP: 14/14
 11942 | D:11     | Found a staircase to the Orcish Mines.
 12231 | D:11     | Reached skill level 13 in Unarmed Combat
 12474 | D:11     | Found a staircase to the Lair.
 12498 | D:11     | Learned a level 3 spell: Stone Arrow
 12587 | Lair:1   | Entered Level 1 of the Lair of Beasts
 13658 | D:11     | Killed an unseen horror
 13745 | Lair:1   | Reached skill level 14 in Unarmed Combat
 14188 | Lair:1   | Noticed an oklob plant
 14255 | Lair:1   | Reached skill level 5 in Dodging
 14918 | Lair:1   | Noticed an oklob plant
 15051 | Lair:2   | Found a stormy altar of Qazlal.
 15064 | Lair:2   | Reached XP level 12. HP: 66/86 MP: 15/15
 15135 | Lair:2   | Reached **** piety under Hepliaklqana
 15539 | Lair:2   | Found a staircase to the Swamp.
 15768 | Lair:2   | Learned a level 2 spell: Passwall
 15799 | Lair:3   | Noticed a four-headed hydra
 15806 | Lair:3   | Noticed a seven-headed hydra
 15826 | Lair:2   | Killed a four-headed hydra
 16159 | Lair:3   | Found a hole to the Spider Nest.
 16195 | Lair:3   | Learned a level 4 spell: Ice Form
 16862 | Lair:3   | Noticed a catoblepas
 16879 | Lair:3   | Killed a catoblepas
 17061 | Lair:3   | Reached ***** piety under Hepliaklqana
 17764 | Lair:4   | Noticed Kirke
 17773 | Lair:4   | Noticed a sphinx
 17775 | Lair:4   | Killed Kirke
 18064 | Lair:5   | Noticed a four-headed hydra
 18078 | Lair:5   | Killed a four-headed hydra
 18140 | Lair:5   | Found a runed door.
 18144 | Lair:5   | Found a viscous altar of Jiyva.
 18144 | Lair:5   | Found a staircase to the Slime Pits.
 18561 | Lair:5   | Reached skill level 10 in Dodging
 19228 | Lair:5   | Reached XP level 13. HP: 85/93 MP: 20/20
 19244 | Lair:6   | Entered Level 6 of the Lair of Beasts
 20856 | Lair:6   | Reached skill level 10 in Fighting
 21015 | Lair:6   | Got a warped bronze amulet
 21028 | Lair:6   | Identified the amulet "Pecor" {RegenMP rPois Str-2 Int+4 SInv} (You found it on level 6 of the Lair of Beasts)
 22126 | Orc:1    | Entered Level 1 of the Orcish Mines
 22322 | D:5      | Bought a scarf of resistance for 416 gold pieces
 22588 | D:12     | Reached XP level 14. HP: 56/114 MP: 21/21
 22986 | D:12     | Noticed Josephine
 22994 | D:12     | Killed Josephine
 23126 | D:12     | Reached skill level 1 in Invocations
 23579 | D:12     | Reached ****** piety under Hepliaklqana
 23581 | D:12     | Noticed Fannar
 23604 | D:12     | Killed Fannar
 24217 | D:12     | Reached skill level 5 in Invocations
 24509 | D:13     | Gained mutation: You are dopey. (Int -2) [mutagenic meat]
 24510 | D:13     | Gained mutation: You occasionally shout uncontrollably at your foes. [mutagenic meat]
 24511 | D:13     | Gained mutation: You are agile. (Dex +2) [mutagenic meat]
 24512 | D:13     | Gained mutation: You tend to lose your temper in combat. [mutagenic meat]
 24515 | D:13     | Found a portal to a secret trove of treasure.
 24622 | D:13     | Found a gate to the Vaults.
 25565 | D:13     | HP: 2/114 [vault guard/dire flail of holy wrath (17)]
 25624 | D:13     | Reached skill level 15 in Unarmed Combat
 26302 | D:13     | Lost mutation: You are resistant to electric shocks. (rElec) [potion of mutation]
 26302 | D:13     | Lost mutation: You tend to lose your temper in combat. [potion of mutation]
 26302 | D:13     | Lost mutation: You are agile. (Dex +2) [potion of mutation]
 26302 | D:13     | Lost mutation: You are dopey. (Int -2) [potion of mutation]
 26302 | D:13     | Lost mutation: Your system is resistant to poisons. (rPois) [potion of mutation]
 26302 | D:13     | Gained mutation: You are agile. (Dex +2) [potion of mutation]
 26302 | D:13     | Lost mutation: You occasionally shout uncontrollably at your foes. [potion of mutation]
 26302 | D:13     | Gained mutation: You passively map a small area around you. [potion of mutation]
 26941 | D:14     | Reached skill level 16 in Unarmed Combat
 27727 | D:15     | Entered Level 15 of the Dungeon
 28165 | D:15     | Reached XP level 15. HP: 78/120 MP: 22/22
 28304 | D:15     | Found a staircase to the Depths.
 28521 | D:15     | Reached skill level 17 in Unarmed Combat
 28572 | D:15     | Reached skill level 1 in Earth Magic
 28939 | Orc:1    | Reached skill level 5 in Earth Magic
 28940 | Orc:1    | Found a deep blue altar of Sif Muna.
 28980 | Orc:1    | Found Beiroc's Armour Shoppe.
 29177 | Orc:1    | Identified Sif Muna's Papyrus of the Voyage
 29373 | Orc:2    | Entered Level 2 of the Orcish Mines
 29916 | Orc:2    | Found Gykiefizog's Magic Scroll Shoppe.
 29920 | Orc:2    | Found Heotiaf's Distillery.
 29922 | Orc:2    | Found Vanusm's Distillery.
 29923 | Orc:2    | Found Puilugapp's Antique Armour Shop.
 29944 | Orc:2    | Bought a potion of mutation for 120 gold pieces
 29946 | Orc:2    | Lost mutation: You passively map a small area around you. [potion of mutation]
 29946 | Orc:2    | Lost mutation: You are agile. (Dex +2) [potion of mutation]
 29946 | Orc:2    | Gained mutation: You have sharp toenails. [potion of mutation]
 29946 | Orc:2    | Gained mutation: Your flesh is cold resistant. (rC+) [potion of mutation]
 29946 | Orc:2    | Gained mutation: You have supernaturally acute eyesight. (SInv) [potion of mutation]
 29958 | Orc:2    | Bought a potion of heal wounds for 65 gold pieces
 29969 | Orc:2    | Bought a potion of mutation for 104 gold pieces
 29969 | Orc:2    | Bought a potion of mutation for 104 gold pieces
 29971 | Orc:2    | Lost mutation: Your flesh is cold resistant. (rC+) [potion of mutation]
 29971 | Orc:2    | Lost mutation: You have supernaturally acute eyesight. (SInv) [potion of mutation]
 29971 | Orc:2    | Lost mutation: You have sharp toenails. [potion of mutation]
 29971 | Orc:2    | Gained mutation: You are covered in fur. (AC +1) [potion of mutation]
 29971 | Orc:2    | Gained mutation: You possess an exceptional clarity of mind. [potion of mutation]
 29971 | Orc:2    | Gained mutation: You are robust. (+10% HP) [potion of mutation]
 30010 | Orc:2    | Reached skill level 10 in Earth Magic
 30304 | Orc:2    | Found a staircase to the Elven Halls.
 30485 | Orc:2    | Bought a potion of agility for 52 gold pieces
 30485 | Orc:2    | Bought a potion of agility for 52 gold pieces
 30710 | Orc:2    | Found a roughly hewn altar of Beogh.
 30874 | Spider:1 | Entered Level 1 of the Spider Nest
 30887 | Spider:1 | Reached skill level 5 in Spellcasting
 32060 | Lair:3   | Got a scorched golden ring
 32067 | Lair:3   | Identified the ring "Kylopp" {Fire Str-5 Dex+8} (You took it off an entropy weaver on level 3 of the Lair of Beasts)
 32522 | Spider:1 | Reached XP level 16. HP: 89/141 MP: 21/27
 33089 | Spider:1 | Learned a level 6 spell: Statue Form
 34200 | Spider:1 | Learned a level 3 spell: Regeneration
 37968 | Spider:4 | Entered Level 4 of the Spider Nest
 38167 | Spider:3 | Reached skill level 15 in Fighting
 38167 | Spider:3 | Reached XP level 17. HP: 52/156 MP: 21/28
 40736 | Spider:3 | Slain by an emperor scorpion

Skill      XL: |  1  2  3  4  5  6  7  8  9 10 11 12 13 14 15 16 17 |
---------------+----------------------------------------------------+-----
Unarmed Combat | 4 6 9 12 14 16 17 | 17.0
Transmutations | 4 8 10 11 | 11.0
Fighting       | 3 5 6 12 15 16 | 16.5
Dodging        | 2 3 6 10 | 10.9
Spellcasting   | 4 7 |  7.7
Invocations    | 7 |  7.8
Earth Magic    | 10 13 | 13.1

Action                   |  1- 3 |  4- 6 |  7- 9 | 10-12 | 13-15 | 16-18 || total
-------------------------+-------+-------+-------+-------+-------+-------++-------
Melee: Unarmed           |   152 |   179 |   434 |   741 |  1467 |   589 ||  3562
       Tailslap          |    12 |    17 |    57 |    87 |   205 |    76 ||   454
       Punch             |     2 |       |    10 |    45 |    93 |    58 ||   208
       Headbutt          |     1 |     2 |    17 |     4 |       |       ||    24
       Kick              |       |     7 |    18 |    10 |       |       ||    35
       Staff             |       |       |       |       |       |    42 ||    42
Throw: Javelin           |       |       |     1 |       |       |       ||     1
       Throwing net      |       |       |     1 |       |       |       ||     1
 Cast: Sticks to Snakes  |     6 |     8 |    15 |    37 |    14 |     1 ||    81
       Beastly Appendage |     1 |     9 |    21 |     6 |       |     1 ||    38
       Confusing Touch   |       |     3 |     1 |       |       |       ||     4
       Blade Hands       |       |       |     1 |    14 |    30 |    48 ||    93
       Spider Form       |       |       |     1 |     1 |       |       ||     2
       Ice Form          |       |       |       |       |     7 |     1 ||     8
       Statue Form       |       |       |       |       |       |     3 ||     3
Invok: Recall Ancestor   |       |       |       |     1 |     3 |     6 ||    10
       Ancestor Life: He |       |       |       |     1 |       |       ||     1
       Idealise          |       |       |       |       |     1 |       ||     1
 Abil: End Transformatio |       |       |       |       |     1 |     3 ||     4
Evoke: Wand              |       |       |     2 |       |     1 |       ||     3
  Use: Scroll            |     3 |     3 |     7 |    25 |    16 |     5 ||    59
       Potion            |     1 |     3 |     3 |     3 |     9 |     5 ||    24
 Stab: Sleeping          |     3 |     3 |     2 |     1 |     1 |       ||    10
       Distracted        |       |       |     2 |    17 |    13 |     3 ||    35
       Confused          |       |       |       |     6 |    15 |     7 ||    28
       Paralysed         |       |       |       |       |    19 |    32 ||    51
  Eat: Chunk             |     3 |     3 |    16 |    34 |    28 |     7 ||    91
       Fruit             |       |     1 |     3 |     2 |       |       ||     6
       Bread ration      |       |     1 |       |       |     2 |     3 ||     6
       Royal jelly       |       |       |     1 |     2 |     2 |     2 ||     7
       Meat ration       |       |       |       |       |     4 |     1 ||     5
Armor: Skin              |    49 |    56 |   176 |   275 |   398 |   297 ||  1251
Dodge: Dodged            |   129 |    79 |   277 |   421 |  1256 |   934 ||  3096
